 Dungeon Crawl Stone Soup version 0.23.2-33-g5129a83184 (webtiles) character file.

Game seed: 1256011250146472009

129 lepoulpe303 the Conjurer (level 4, -4/24 HPs)
             Began as a Deep Elf Conjurer on July 20, 2019.
             Killed by nerve-wracking pain
             ... invoked by Grinder
              (10 damage)
             ... on level 3 of the Dungeon.
             The game lasted 00:10:40 (2775 turns).

lepoulpe303 the Conjurer (Deep Elf Conjurer)        Turns: 2775, Time: 00:10:41

Health: -4/24      AC:  3    Str:  5    XL:     4   Next: 88%
Magic:  0/12       EV: 13    Int: 21    God:
Gold:   77         SH:  0    Dex: 15    Spells: 1/11 levels left

rFire    . . .     SeeInvis .   d - +0 short sword
rCold    . . .     Gourm    .   (no shield)
rNeg     . . .     Faith    .   a - +0 robe
rPois    .         Spirit   .   (no helmet)
rElec    .         Reflect  .   o - +0 cloak
rCorr    .         Harm     .   (no gloves)
MR       .....                  (no boots)
Stlth    ++........             (no amulet)
HPRegen  0.08/turn              (no ring)
MPRegen  0.13/turn              (no ring)

@: no status effects
A: no striking features
a: no special abilities


You were on level 3 of the Dungeon.
You were not hungry.

You visited 1 branch of the dungeon, and saw 3 of its levels.

You collected 77 gold pieces.

Inventory:

Hand Weapons
 d - a +0 short sword (weapon)
Missiles
 w - 5 tomahawks
 Q - 108 stones (quivered)
Armour
 a - a +0 robe (worn)
 o - a +0 cloak (worn)
Jewellery
 c - an uncursed ring of protection from fire {unknown}
 k - an uncursed ring of see invisible {unknown}
 q - an uncursed ring of fire {unknown}
Scrolls
 b - a scroll of identify {unknown}
 g - 2 scrolls of fog {unknown}
 h - 2 scrolls of teleportation {unknown}
 i - a scroll of amnesia
 j - a scroll of fear {unknown}
 l - a scroll of random uselessness {unknown}
 s - a scroll of immolation {unknown}
 u - a scroll of remove curse {unknown}
 v - a scroll of enchant weapon {unknown}
Potions
 f - a potion of might {unknown}
 m - 2 potions of brilliance {unknown}
 n - a potion of flight {unknown}
 p - 2 potions of curing {unknown}
 r - 2 potions of agility {unknown}
Comestibles
 e - 8 rations


   Skills:
 + Level 1.5 Short Blades
 + Level 3.0 Dodging
 + Level 3.3 Stealth
 * Level 4.4 Spellcasting
 * Level 5.2 Conjurations


You had one spell level left.
You knew the following spells:

 Your Spells              Type           Power        Failure   Level  Hunger
a - Magic Dart            Conj           ####         1%          1    None
b - Searing Ray           Conj           ####..       1%          2    #......
c - Dazzling Spray        Conj/Hex       ###...       12%         3    ##.....
x - Iskenderun's Mystic   Conj           ####....     13%         4    ####...

Your spell library contained the following spells:

 Spells                   Type           Power        Failure   Level  Hunger
 Force Lance              Conj/Tloc      ###.....     36%         4    ####...
 Fulminant Prism          Conj/Hex       ###.......   36%         4    ####...


Dungeon Overview and Level Annotations

Branches:
Dungeon (3/15)

Altars:
Nemelex Xobeh

Annotations:
D:2 Sigmund
D:3 Grinder


Message History

Aim: Grinder (moderately wounded)
The magic dart hits Grinder but does no damage.
* * * LOW MAGIC WARNING * * *
Grinder hits you.
You writhe in agony.
* * * LOW HITPOINT WARNING * * *
You take 5 damage, and have 11/24 hp.
MASSIVE DAMAGE!!
Aim: Grinder (moderately wounded)
The magic dart hits Grinder.
* * * LOW MAGIC WARNING * * *
Grinder barely misses you.
You now have 0/12 mp.
You closely miss Grinder. Grinder hits you.
* * * LOW HITPOINT WARNING * * *
You take 5 damage, and have 6/24 hp.
MASSIVE DAMAGE!!
You hit Grinder. Grinder gestures at you. Pain shoots through your body!
You die...

..#.####
..#....##
..####..#########
..# ##.##......#
..# #....####.##
#.. #....# #..#
#.........## ##.#
...###..## #.# .
..... #@# ..#.#.
#5# ..#.##. #.#
#. .. . #......#
#. .. ..
.........#
#.!........#
#....(.....#
#.>........#
#..........#


You could see Grinder.

Levels and vault maps discovered:
D:1:      dpeg_arrival_rooms_a, layout_rooms, minmay_heptomino_w4
D:2:      layout_basic, nemelex_xobeh_ov_fountains_minmay, uniq_sigmund,
          uniq_crazy_yiuf_cottage
D:3:      layout_rooms, first_ration, uniq_grinder

Notes
Turn   | Place    | Note
-------+----------+-------------------------------------------
     0 | D:1      | lepoulpe303 the Deep Elf Conjurer began the quest for the
                  | Orb.
     0 | D:1      | Reached XP level 1. HP: 10/10 MP: 6/6
    11 | D:1      | Identified a +0 club
    40 | D:1      | Identified a +0 short sword
    79 | D:1      | Identified a +0 dagger
    94 | D:1      | Identified a +0 whip
   106 | D:1      | Identified a +0 club
   114 | D:1      | Reached XP level 2. HP: 15/15 MP: 0/8
   120 | D:1      | Learned a level 2 spell: Searing Ray
   326 | D:1      | Identified a +0 dagger
   421 | D:1      | Identified 2 scrolls of amnesia
   494 | D:2      | Reached XP level 3. HP: 18/19 MP: 3/10
   499 | D:2      | Learned a level 3 spell: Dazzling Spray
   567 | D:2      | Identified a +0 dagger
   575 | D:2      | Identified a +0 whip
   604 | D:2      | Identified a +0 club
   609 | D:2      | Identified a +0 flail
   911 | D:2      | Reached skill level 1 in Short Blades
  1036 | D:2      | Reached skill level 4 in Spellcasting
  1036 | D:2      | Reached skill level 5 in Conjurations
  1227 | D:2      | Reached skill level 3 in Stealth
  1227 | D:2      | Reached XP level 4. HP: 24/24 MP: 4/12
  1236 | D:2      | Learned a level 4 spell: Iskenderun's Mystic Blast
  1319 | D:2      | Identified a +4 vampiric scythe
  1319 | D:2      | Identified a +0 robe
  1319 | D:2      | Noticed Sigmund
  1585 | D:2      | Identified a +0 dagger
  1630 | D:2      | Found a sparkling altar of Nemelex Xobeh.
  1745 | D:2      | Identified a +0 cloak (You found it on level 2 of the
                  | Dungeon)
  1765 | D:2      | Identified a +0 dagger
  1765 | D:2      | Identified a +0 hunting sling
  1996 | D:2      | Found a runed translucent door.
  1997 | D:2      | Identified a +2 quarterstaff of chaos
  1997 | D:2      | Identified a cursed +0 cloak
  1997 | D:2      | Noticed Crazy Yiuf
  2013 | D:2      | Killed Crazy Yiuf
  2013 | D:2      | Reached skill level 3 in Dodging
  2244 | D:3      | Identified a +0 club
  2244 | D:3      | Identified a +0 morningstar
  2270 | D:3      | Identified a cursed -1 dagger
  2440 | D:3      | Identified a +0 dagger
  2499 | D:3      | Noticed Grinder
  2505 | D:3      | Paralysed by Grinder for 5 turns
  2507 | D:3      | HP: 6/24 [Grinder (8)]
  2766 | D:3      | Paralysed by Grinder for 3 turns
  2774 | D:3      | HP: 6/24 [Grinder (6)]
  2775 | D:3      | Killed from afar by Grinder

Table legend:
 A = Turns spent in this place as a percentage of turns spent in the entire game.
 B = Non-inter-level travel turns spent in this place as a percentage of non-inter-level travel turns spent in the entire game.
 C = Inter-level travel turns spent in this place as a percentage of turns spent in this place.
 D = Turns resting spent in this place as a percentage of non-inter-level travel turns spent in this place.
 E = Turns spent auto-exploring this place as a percentage of non-inter-level travel turns spent in this place.
 F = Non-inter-level travel turns spent in this place divided by the number of levels of this place that you've seen.
                   A       B       C       D       E      F
               +-------+-------+-------+-------+-------+----------------------
         Total | 100.0 | 100.0 |   4.0 |  46.0 |  38.0 | 888.3
       Dungeon | 100.0 | 100.0 |   4.0 |  46.0 |  38.0 | 888.3
               +-------+-------+-------+-------+-------+----------------------

Table legend:
 A = Kills in this place as a percentage of kills in entire the game.
 B = Kills by you in this place as a percentage of kills by you in the entire game.
 C = Kills by friends in this place as a percentage of kills by friends in the entire game.
 D = Other kills in this place as a percentage of other kills in the entire game.
 E = Experience gained in this place as a percentage of experience gained in the entire game.
 F = Experience gained in this place divided by the number of levels of this place that you have seen.
                   A       B       C       D       E      F
               +-------+-------+-------+-------+-------+----------------------
         Total | 100.0 | 100.0 |   N/A |   N/A | 100.0 |  61.7
       Dungeon | 100.0 | 100.0 |   N/A |   N/A | 100.0 |  61.7
               +-------+-------+-------+-------+-------+----------------------

Skill      XL: |  1  2  3  4 |
---------------+-------------+-----
Short Blades   | 1 |  1.5
Spellcasting   | 4 |  4.4
Conjurations   | 5 |  5.2
Stealth        | 3 |  3.3
Dodging        | 3 |  3.0

Action                   |  1- 3 |  4- 6 || total
-------------------------+-------+-------++-------
Melee: Short sword       |     4 |    36 ||    40
 Cast: Magic Dart        |    44 |    38 ||    82
       Searing Ray       |    16 |     7 ||    23
       Dazzling Spray    |       |     6 ||     6
  Use: Scroll            |     1 |       ||     1
 Stab: Sleeping          |       |     3 ||     3
       Invisible         |       |     1 ||     1
  Eat: Chunk             |     1 |     3 ||     4
       Ration            |       |     1 ||     1
Armor: Robe              |       |     2 ||     2
Dodge: Dodged            |     9 |    18 ||    27

Vanquished Creatures
  Crazy Yiuf (D:2)
  2 adders (D:2)
  3 gnolls (D:2)
  3 leopard geckos
  An orc (D:3)
  3 bats (D:1)
  5 giant cockroaches
  7 goblins
  4 hobgoblins
  3 quokkas
  2 frilled lizards
  9 kobolds
  6 rats
  A fungus (D:2)
50 creatures vanquished.
